 Dungeon Crawl Stone Soup version 0.30-a0-726-gd89dcf765f (webtiles) character file.

Game seed: 5381862207266180427

18 timneilson the Shield-Bearer (level 2, -3/19 HPs)
             Began as a Gargoyle Fighter on Jan 29, 2023.
             Slain by a worm (6 damage)
             ... on level 2 of the Dungeon.
             The game lasted 00:00:53 (556 turns).

timneilson the Shield-Bearer (Gargoyle Fighter)      Turns: 556, Time: 00:00:54

Health: -3/19      AC:  9    Str: 19    XL:     2   Next: 66%
Magic:  2/2        EV:  9    Int:  8    God:
Gold:   9          SH:  4    Dex:  9    Spells: 1/1 levels left

rFire   . . .      SeeInvis .    a - +0 long sword
rCold   . . .      Faith    .    c - +0 buckler
rNeg    + . .      Spirit   .    b - +0 scale mail
rPois   ∞          Reflect  .    (no helmet)
rElec   +          Harm     .    (no cloak)
rCorr   .          Rampage  .    (no gloves)
Will    .....                    (no boots) Stlth
                                 (no amulet)
HPRegen 0.23/turn                (no ring)
MPRegen 0.08/turn                (no ring)

@: no status effects
A: sickness immunity, AC +2, negative energy resistance 1, electricity
resistance, torment resistance 1, petrification resistance
a: no special abilities


You were on level 2 of the Dungeon.
You visited 1 branch of the dungeon, and saw 2 of its levels.

You collected 9 gold pieces.

Inventory:

Hand Weapons
 a - a +0 long sword (weapon)
Armour
 b - a +0 scale mail (worn)
 c - a +0 buckler (worn)
Potions
 d - a potion of might
 f - a potion of mutation
 g - a potion of curing {unknown}
 i - a potion of magic {unknown}


   Skills:
 + Level 3.3 Fighting
 * Level 2.1 Long Blades
 * Level 3.5 Armour
 + Level 0.3 Dodging
 * Level 3.5 Shields


You had one spell level left.
You didn't know any spells.
Your spell library was empty.

Dungeon Overview and Level Annotations

Branches:
Dungeon (2/15)

Altars:


Innate Abilities, Weirdness & Mutations

You are immune to sickness and miasma.
Your stone body is resilient. (AC +2)
You are immune to poison.
You resist negative energy. (rN+)
You are resistant to electric shocks. (rElec)
You are resistant to unholy torment.
You are immune to petrification.


Message History

The endoplasm quivers.
Found an escape hatch in the ceiling.
There is a stone staircase leading up here.
Found a scroll labelled HULYIMPA ZIBEU.
Found a stone staircase leading down.
The worm bites you!
You hit the worm.
The worm is lightly wounded.
The worm bites you.
You are too injured to fight recklessly!
You are too injured to fight recklessly!
You are too injured to fight recklessly!
You are too injured to fight recklessly!
You are too injured to fight recklessly!
You are too injured to fight recklessly!
You are too injured to fight recklessly!
You are too injured to fight recklessly!
You are too injured to fight recklessly!
You are too injured to fight recklessly!
You are too injured to fight recklessly!
You are too injured to fight recklessly!
You are too injured to fight recklessly!
You are too injured to fight recklessly!
You are too injured to fight recklessly!
You are too injured to fight recklessly!
You are too injured to fight recklessly!
You are too injured to fight recklessly!
You are too injured to fight recklessly!
You are too injured to fight recklessly!
You hit the worm.
The worm is moderately wounded.
You hit the worm.
The worm is moderately wounded.
The frilled lizard bites you. The worm bites you.
* * * LOW HITPOINT WARNING * * *
The frilled lizard bites you but does no damage.
You barely miss the worm.
The worm is moderately wounded.
The frilled lizard bites you but does no damage.
The worm bites you.
You die...

#.# #. #.# #.
#J# #. #..
##.##.# ..
..# #> #.#
##.
###.##<#.?...
#..w@lJ...#
#.#.......#
###.....#
#......<.
#.####### ..#
###


You could see a worm, an endoplasm and a frilled lizard.

Vanquished Creatures
  2 endoplasms (D:1)
  4 hobgoblins (D:1)
  A kobold (D:1)
  A bat (D:1)
  2 frilled lizards (D:1)
  5 goblins (D:1)
15 creatures vanquished.

Vanquished Creatures (others)
  A fungus (D:1)
1 creature vanquished.

Grand Total: 16 creatures vanquished

Notes
Turn   | Place    | Note
-------+----------+-------------------------------------------
     0 | D:1      | timneilson the Gargoyle Fighter began the quest for the
                  | Orb.
     0 | D:1      | Reached XP level 1. HP: 14/14 MP: 1/1
   214 | D:1      | Reached XP level 2. HP: 19/19 MP: 2/2
   322 | D:1      | Found a faded altar of an unknown god.
   556 | D:2      | Slain by a worm

Illustrated notes

Levels and vault maps discovered:
D:1:      dpeg_arrival_tiny_c, layout_rooms, dreamdust_ecumenical_altar_grove,
          nicolae_figureground_pulse
D:2:      kennysheep_big_flooded_room, layout_loops_corners,
          nicolae_underground_beach, uniq_natasha, uniq_sigmund

Skill      XL: |  1 |
---------------+----+-----
Long Blades    | 2 |  2.1
Fighting       | |  3.3
Armour         | |  3.5
Dodging        | |  0.3
Shields        | |  3.5

Action                     || total
---------------------------++-------
  Melee: Long sword        ||    48
    Use: Scroll            ||     2
 Armour: Scale mail        ||    24
  Dodge: Dodged            ||    16
  Block: Buckler           ||    16

Table legend: (Time is in decaauts)
 A = Elapsed time spent in this place.
 B = Non-inter-level travel time spent in this place.
 C = Inter-level travel time spent in this place.
 D = Time resting spent in this place.
 E = Time spent auto-exploring this place.
 F = Levels seen in this place.
 G = Mean time per level.
                   A        B        C        D        E       F      G
               +--------+--------+--------+--------+--------+-----+--------+
         Total |    571 |    545 |     26 |      0 |    419 |   2 |  285.5 |
       Dungeon |    571 |    545 |     26 |      0 |    419 |   2 |  285.5 |
               +--------+--------+--------+--------+--------+-----+--------+

Top non-repeatable levels by time:
     D:1: 564 daAuts
     D:2: 6 daAuts
